 Dungeon Crawl Stone Soup version 0.20.1-1-g8b1a95d (webtiles) character file.

123 vineage the Skirmisher (level 4, -1/35 HPs)
             Began as a Demonspawn Fighter on Oct 8, 2017.
             Slain by Menkaure (11 damage)
             ... on level 4 of the Dungeon.
             The game lasted 00:03:08 (2025 turns).

vineage the Skirmisher (Demonspawn Fighter)         Turns: 2025, Time: 00:03:09

Health: -1/35      AC:  6    Str: 22    XL:     4   Next: 79%
Magic:  4/4        EV:  6    Int: 10    God:
Gold:   247        SH: 14    Dex: 12    Spells: 3/3 levels left

rFire    . . .     SeeInvis .   a - +0 long sword
rCold    . . .     Gourm    .   h - +0 large shield
rNeg     . . .     Faith    .   b - +0 scale mail
rPois    .         Spirit   .   (no helmet)
rElec    .         Reflect  .   (no cloak)
rCorr    .         Harm     .   (no gloves)
MR       .....                  (no boots)
Stlth    ..........             (no amulet)
Regen    0.2/turn               (no ring)
MPRegen  0.1/turn               (no ring)

@: mighty
A: claws 1, talons 1
a: no special abilities


You were on level 4 of the Dungeon.
You were not hungry.

You visited 1 branch of the dungeon, and saw 4 of its levels.

You collected 247 gold pieces.

Inventory:

Hand Weapons
 a - a +0 long sword (weapon)
Armour
 b - a +0 scale mail (worn)
 c - a +0 shield
 h - a +0 large shield (worn)
Jewellery
 i - a +3 ring of strength {unknown}
Scrolls
 j - a scroll of random uselessness {unknown}
 l - a scroll of recharging {unknown}
 m - 5 scrolls of remove curse {unknown}
 n - a scroll of amnesia {unknown}
 p - 3 scrolls of teleportation {unknown}
 q - 2 scrolls of identify {unknown}
 r - a scroll of blinking {unknown}
 s - a scroll of enchant armour {unknown}
Potions
 d - 2 potions of might
 e - a potion of brilliance
Comestibles
 f - 3 bread rations
 g - 2 fruits
 k - a royal jelly
 o - a meat ration


   Skills:
 + Level 3.5 Fighting
 + Level 2.8 Long Blades
 + Level 3.1 Armour
 + Level 1.1 Dodging
 + Level 3.4 Shields


You had 3 spell levels left.
You didn't know any spells.

Dungeon Overview and Level Annotations

Branches:
Dungeon (4/15)
 Temple: D:4-7

Altars:
Cheibriados

Annotations:
D:4 Menkaure


Innate Abilities, Weirdness & Mutations

You have sharp fingernails.
You have sharp toenails.


Message History

s - a scroll labeled VUOWYN OTO You open the large door.
There is a large open door here.
There is a large open door here.
Menkaure, Prince of Dust comes into view.
Menkaure shouts!
Menkaure casts a spell at you. Pain shoots through your body!
Menkaure calls on the powers of darkness!
Your body is wracked with pain!
Found a royal jelly.
You are too injured to fight recklessly!
You feel very mighty all of a sudden.
You slash Menkaure! You claw Menkaure.
Menkaure is almost destroyed.
Menkaure calls on the powers of darkness!
Your body is wracked with pain!
* * * LOW HITPOINT WARNING * * *
Menkaure hits you!
You die...

#.......).......
#...............
#...............
###...............
...>..............
........(.........
........''#####.#+
........#.....#.#
###....@#####.# #
#.....M.#
#.....#.#
#.....#.# #.#....
# #.#.##. # #. .
#. %.


You could see Menkaure.

Vanquished Creatures
  3 adders (D:2)
  An ooze (D:3)
  3 worms
  4 dart slugs
  A leopard gecko (D:1)
  4 orcs (D:3)
  2 giant cockroaches (D:2)
  6 goblins
  8 hobgoblins
  6 jackals
  2 quokkas (D:2)
  10 bats
  6 frilled lizards
  6 kobolds
  5 rats
67 creatures vanquished.

Notes
Turn   | Place    | Note
-------+----------+-------------------------------------------
     0 | D:1      | vineage the Demonspawn Fighter began the quest for the Orb.
     0 | D:1      | Reached XP level 1. HP: 18/18 MP: 1/1
   107 | D:1      | Gained mutation: You have sharp fingernails. [demonic ancestry]
   107 | D:1      | Reached XP level 2. HP: 24/24 MP: 2/2
   461 | D:2      | Reached XP level 3. HP: 11/29 MP: 3/3
   995 | D:2      | Gained mutation: You have sharp toenails. [demonic ancestry]
   995 | D:2      | Reached XP level 4. HP: 29/35 MP: 4/4
   999 | D:2      | Found a snail-covered altar of Cheibriados.
  1104 | D:2      | Reached skill level 1 in Dodging
  2022 | D:4      | Noticed Menkaure
  2025 | D:4      | Slain by Menkaure

Skill      XL: |  1  2  3  4 |
---------------+-------------+-----
Armour         | 3 |  3.1
Long Blades    | 2 |  2.8
Shields        | 3 |  3.4
Dodging        | 1 |  1.1
Fighting       | |  3.5

Action                   |  1- 3 |  4- 6 || total
-------------------------+-------+-------++-------
Melee: Long sword        |   146 |    76 ||   222
       Kick              |       |    24 ||    24
  Use: Potion            |     2 |     1 ||     3
  Eat: Chunk             |       |     4 ||     4
Armor: Scale mail        |    88 |    17 ||   105
Dodge: Dodged            |    29 |    15 ||    44
Block: Shield            |     5 |       ||     5
       Large shield      |   136 |    61 ||   197
       Rpst.: Long sword |     9 |     6 ||    15
